 Dungeon Crawl Stone Soup version 0.30-a0-743-gbfdf073431 (webtiles) character file.

Game seed: 8996082912934389519

50233 Caestello the Cleaver (level 14, -1/111 HPs)
             Began as a Gnoll Reaver on Feb 6, 2023.
             Was a High Priest of Nemelex Xobeh.
             Slain by a komodo dragon (16 damage)
             ... on level 5 of the Lair of Beasts.
             The game lasted 01:06:06 (19433 turns).

Caestello the Cleaver (Gnoll Reaver)               Turns: 19433, Time: 01:06:07

Health: -1/111     AC: 28    Str: 22    XL:     14   Next: 54%
Magic:  25/28      EV: 20    Int: 13    God:    Nemelex Xobeh [*****.]
Gold:   819        SH:  6    Dex: 11    Spells: 12/34 levels left

rFire   . . .      SeeInvis +    a - +6 trident (protect)
rCold   . . .      Faith    .    w - +0 buckler
rNeg    . . .      Spirit   .    K - +3 acid dragon scales
rPois   .          Reflect  .    E - +2 helmet
rElec   .          Harm     .    U - +2 cloak
rCorr   +          Rampage  .    q - +0 pair of gloves
Will    +....                    J - +0 pair of boots
Stlth   ++++                     O - amulet "Vusoveh" {+Blink Regen+ SInv}
HPRegen 1.18/turn                g - +5 ring of evasion
MPRegen 0.21/turn                p - +6 ring of strength

@: lethally poisoned (-1 -> -4), under a protective aura, freezing walls
A: fangs 1, strong nose, distributed training
a: Renounce Religion, Evoke Blink, Draw Escape, Draw Destruction, Draw
Summoning, Triple Draw, Deal Four, Stack Five


You were on level 5 of the Lair of Beasts.
You worshipped Nemelex Xobeh.
Nemelex Xobeh was extremely pleased with you.
You visited 2 branches of the dungeon, and saw 18 of its levels.

You collected 1287 gold pieces.
You spent 468 gold pieces at shops.

Inventory:

Hand Weapons
 a - a +6 trident of protection (weapon)
 b - a +2 heavy shortbow
 u - a +4 rapier
 v - a +1 morningstar of flaming
 G - a +2 heavy hand axe
Missiles
 e - 5 javelins
 h - 46 poisoned darts (quivered)
 o - 5 boomerangs
 T - a throwing net
 V - a curare-tipped dart
Armour
 q - a +0 pair of gloves (worn)
 w - a +0 buckler (worn)
 E - a +2 helmet (worn)
 F - a +1 hat of intelligence
 J - a +0 pair of boots (worn)
 K - +3 acid dragon scales (worn)
 U - a +2 cloak (worn)
Magical Staves
 m - a staff of fire
Jewellery
 g - a +5 ring of evasion (left hand)
 k - a ring of positive energy
 p - a +6 ring of strength (right hand)
 y - an amulet of magic regeneration
 O - the amulet "Vusoveh" (around neck) {+Blink Regen+ SInv}
   (You found it on level 10 of the Dungeon)

   [amulet of regeneration]

   SInv:      It lets you see invisible.
   +Blink:    It lets you blink.
   Regen:     It increases your rate of health regeneration.
Wands
 r - a wand of charming (11)
 s - a wand of iceblast (5)
 H - a wand of mindburst (7)
 P - a wand of digging (10)
 Q - a wand of flame (26)
 S - a wand of polymorph (2)
Scrolls
 d - 6 scrolls of identify
 n - 2 scrolls of teleportation
 z - a scroll of fear
 A - 3 scrolls of vulnerability
 B - 2 scrolls of amnesia
 C - 4 scrolls of immolation
 I - a scroll of summoning
 L - 3 scrolls of blinking
 M - 4 scrolls of magic mapping
Potions
 c - 3 potions of magic
 f - a potion of flight
 i - 8 potions of mutation
 j - 4 potions of haste
 l - 11 potions of brilliance
 t - 3 potions of degeneration
 x - 3 potions of resistance
 D - 2 potions of invisibility
 N - 4 potions of lignification
 R - 3 potions of might
 X - a potion of curing
Miscellaneous
 W - a tin of tremorstones (2/2)


   Skills:
 + Level 10.7 Fighting
 + Level 9.6 Short Blades
 + Level 9.6 Long Blades
 + Level 11.6 Axes
 + Level 9.6 Maces & Flails
 + Level 9.6 Polearms
 + Level 9.6 Staves
 + Level 9.6 Ranged Weapons
 + Level 9.6 Throwing
 + Level 9.6 Armour
 + Level 10.7 Dodging
 + Level 9.6 Stealth
 + Level 9.6 Shields
 + Level 9.6 Unarmed Combat
 + Level 10.9 Spellcasting
 + Level 9.8 Conjurations
 + Level 8.1 Hexes
 + Level 8.1 Summonings
 + Level 8.1 Necromancy
 + Level 8.1 Translocations
 + Level 8.1 Transmutations
 + Level 8.1 Fire Magic
 + Level 8.1 Ice Magic
 + Level 8.1 Air Magic
 + Level 8.1 Earth Magic
 + Level 8.1 Poison Magic
 + Level 10.5 Invocations
 + Level 9.6 Evocations


You had 12 spell levels left.
You knew the following spells:

 Your Spells              Type           Power      Damage    Failure   Level
a - Kiss of Death         Conj/Necr      100%       2d13      1%          1
b - Momentum Strike       Conj/Tloc      60%        3d9       1%          2
c - Blink                 Tloc           56%        N/A       1%          2
d - Passwall              Tmut/Erth      23%        N/A       1%          2
e - Hailstorm             Conj/Ice       30%        3d8       1%          3
f - Wereblood             Tmut           28%        N/A       1%          2
g - Frozen Ramparts       Ice            56%        1d9       1%          3
h - Call Canine Familiar  Summ           28%        N/A       1%          3
i - Manifold Assault      Tloc           28%        N/A       5%          4

Your spell library contained the following spells:

 Spells                   Type           Power      Damage    Failure   Level
 Beastly Appendage        Tmut           56%        N/A       1%          1
 Freeze                   Ice            100%       1d10      1%          1
 Sandblast                Erth           56%        2d13      1%          1
 Gell's Gravitas          Tloc           28%        N/A       1%          3
 Inner Flame              Hex/Fire       28%        N/A       1%          3
 Portal Projectile        Hex/Tloc       56%        N/A       1%          3
 Spider Form              Tmut/Pois      28%        N/A       1%          3
 Stone Arrow              Conj/Erth      60%        3d10      1%          3
 Teleport Other           Tloc           28%        N/A       1%          3
 Flame Wave               Conj/Fire      30%        2d9       3%          4
 Sticky Flame             Conj/Fire      30%        2d5       3%          4
 Leda's Liquefaction      Hex/Erth       14%        N/A       5%          4
 Summon Lightning Spire   Summ/Air       28%        N/A       5%          4
 Dispersal                Tloc           14%        N/A       63%         6
 Storm Form               Tmut/Air       14%        N/A       99%         7
 Maxwell's Capacitive Co  Air            14%        ∞         100%        8


Dungeon Overview and Level Annotations

Branches:
Dungeon (13/15)            Temple (0/1) D:7            Lair (5/5) D:10
 Shoals (0/4) Lair:2       Spider (0/4) Lair:2        Slime (0/5) Lair:4
    Orc (0/2) D:12
 Vaults: D:13-14

Altars:
Ashenzari
Elyvilon
Gozag
Nemelex Xobeh
Qazlal
Ru
Sif Muna
Uskayaw
Yredelemnul
The Shining One
Jiyva

Shops:
D:5 (   D:11 [?!(   D:13 [

Annotations:
D:11 3 runed translucent doors, Netz's ghost, journeyman DsFi
D:12 1 runed translucent door, ryw's ghost, journeyman HOBe


Innate Abilities, Weirdness & Mutations

You have very sharp teeth.
Your uncanny sense of smell can sniff out nearby items.
Your experience applies equally to all skills.


Message History

You are too injured to fight recklessly!
The wyvern attacks as you move away! The wyvern misses you.
You feel extremely sick. The komodo dragon barely misses you.
You block the cane toad's attack. The cane toad attacks as you move away!
The cane toad stings you but does no damage.
The wyvern attacks as you move away! The wyvern misses you.
You feel extremely sick.
The komodo dragon bites you but does no damage.
The wyvern misses you.
You feel extremely sick.
You feel very sick. You block the wyvern's attack.
Casting: Wereblood (safe; 1% risk of failure)
Confirm with . or Enter, or press ? or * to list all spells.
Casting: Frozen Ramparts (safe; 1% risk of failure)
Press: ? - help, Dir - look around, f - activate The walls around you are covered in ice.
You feel very sick.
The wall freezes the cane toad.
The wall freezes the wyvern but does no damage.
The wyvern bites you but does no damage.
The wall freezes the cane toad.
You puncture the komodo dragon!
Your weapon exudes an aura of protection.
The komodo dragon is moderately wounded.
You feel very sick.
The wall freezes the wyvern.
The wyvern completely misses you.
The wall freezes the komodo dragon.
The komodo dragon seems to slow down.
The komodo dragon misses you.
The wall freezes the wyvern.
You block the wyvern's attack.
You puncture the komodo dragon!
The komodo dragon is heavily wounded.
You feel sick.
The wall freezes the cane toad but does no damage.
The wall freezes the wyvern.
The wyvern barely misses you.
The wall freezes the komodo dragon but does no damage.
The komodo dragon bites you!
You die...
Your body glows with a rainbow of weird colours and disappears.

~#~.~~....P..##......#
#~.##~.....#.#......#
~~##.....P##......P# #
~~~........P...#.## #~
~~~PPP.#........## #~~
#~.P##..........#
#~~##.....#.........###
~##~~~....l#.###.......P##
P~~~~~†...#@## ##........#
#...l## ##....#.## #...##
##.....## ..~.....##
#...(...# ........#
##.....## #......#.
####...# .....##### ##..#
##.## #### ##


You could see a komodo dragon (slow) and a wyvern.

Vanquished Creatures
  Gastronok (Lair:2)
  A hydra (Lair:3)
  2 catoblepae (Lair:4)
  3 boulder beetles
  A satyr (D:10)
  4 two-headed ogres
  8 death yaks (Lair:3)
  2 sixfirhies (D:13)
  An orb spider (Lair:2)
  3 manticores
  3 harpies (Lair:2)
  3 cyclopes
  3 black mambas
  Maggie (D:8)
  A gargoyle (D:9)
  A smoke demon (D:12)
  10 cane toads
  An unseen horror (D:10)
  A rime drake (Lair:3)
  A kobold demonologist (D:11)
  10 komodo dragons
  A polar bear (Lair:1)
  A red devil (D:12)
  A hellwing (D:12)
  2 hornets
  Prince Ribbit (D:7)
  A wind drake (D:13)
  4 trolls
  16 blink frogs
  A shadow (D:12)
  A vampire (D:11)
  A ynoxinul (D:12)
  60 yaks
  2 wraiths
  A wyvern (D:7)
  A basilisk (Lair:3)
  5 steam dragons
  4 vampire mosquitoes (D:10)
  Menkaure (D:7)
  12 water moccasins
  5 acid dragons
  5 black bears
  A sky beast (D:6)
  5 orc warriors
  An ice beast (D:8)
  6 ogres
  10 centaurs
  14 wolves
  2 phantoms
  5 kobold brigands
  14 bullfrogs
  A necrophage (D:7)
  2 scorpions
  4 killer bees
  4 electric eels
  3 howler monkeys
  6 hounds
  A gnoll bouda (D:5)
  15 jellies
  7 orc priests
  An iguana (D:6)
  10 orc wizards
  10 adders
  10 gnolls (D:5)
  A shadow imp (D:5)
  2 white imps
  3 ufetubi
  3 worms
  6 dart slugs
  45 orcs
  8 ball pythons
  15 endoplasms
  6 giant cockroaches
  7 goblins
  6 hobgoblins
  4 quokkas
  8 bats
  3 frilled lizards
  14 kobolds
  7 rats
457 creatures vanquished.

Vanquished Creatures (others)
  3 orcs
  3 demonic plants (D:12)
  11 fungi
  47 plants
64 creatures vanquished.

Grand Total: 521 creatures vanquished

Notes
Turn   | Place    | Note
-------+----------+-------------------------------------------
     0 | D:1      | Caestello the Gnoll Reaver began the quest for the Orb.
     0 | D:1      | Reached XP level 1. HP: 20/20 MP: 6/6
    58 | D:1      | Reached XP level 2. HP: 26/26 MP: 7/7
   285 | D:1      | Reached skill level 5 in Spellcasting
   285 | D:1      | Reached XP level 3. HP: 29/31 MP: 7/9
   292 | D:1      | Learned a level 2 spell: Momentum Strike
   451 | D:1      | Reached skill level 1 in Invocations
   601 | D:1      | Found a faded altar of an unknown god.
   948 | D:2      | Reached skill level 1 in Short Blades
   948 | D:2      | Reached skill level 1 in Long Blades
   948 | D:2      | Reached skill level 1 in Maces & Flails
   948 | D:2      | Reached skill level 1 in Polearms
   948 | D:2      | Reached skill level 1 in Staves
   948 | D:2      | Reached skill level 1 in Ranged Weapons
   948 | D:2      | Reached skill level 1 in Throwing
   948 | D:2      | Reached skill level 1 in Armour
   948 | D:2      | Reached skill level 1 in Stealth
   948 | D:2      | Reached skill level 1 in Shields
   948 | D:2      | Reached skill level 1 in Unarmed Combat
   948 | D:2      | Reached skill level 1 in Evocations
   974 | D:2      | Reached XP level 4. HP: 37/38 MP: 11/11
  1183 | D:2      | Reached skill level 1 in Hexes
  1183 | D:2      | Reached skill level 1 in Summonings
  1183 | D:2      | Reached skill level 1 in Necromancy
  1183 | D:2      | Reached skill level 1 in Translocations
  1183 | D:2      | Reached skill level 1 in Transmutations
  1183 | D:2      | Reached skill level 1 in Fire Magic
  1183 | D:2      | Reached skill level 1 in Ice Magic
  1183 | D:2      | Reached skill level 1 in Air Magic
  1183 | D:2      | Reached skill level 1 in Earth Magic
  1183 | D:2      | Reached skill level 1 in Poison Magic
  1723 | D:3      | Reached XP level 5. HP: 40/43 MP: 12/12
  2182 | D:4      | Noticed an ogre
  2194 | D:4      | Killed an ogre
  2422 | D:4      | Found a glowing golden altar of the Shining One.
  2424 | D:4      | Found a white marble altar of Elyvilon.
  2483 | D:4      | Noticed an ogre
  2490 | D:4      | Killed an ogre
  2491 | D:4      | Reached skill level 5 in Fighting
  2491 | D:4      | Reached skill level 5 in Dodging
  2491 | D:4      | Reached XP level 6. HP: 43/51 MP: 10/14
  2908 | D:5      | Entered Level 5 of the Dungeon
  2989 | D:5      | Reached skill level 7 in Axes
  2989 | D:5      | Reached XP level 7. HP: 48/53 MP: 13/15
  3011 | D:5      | Found Emogrito's Antique Weapon Shop.
  3029 | D:5      | Bought a runed morningstar for 182 gold pieces
  3562 | D:5      | Learned a level 2 spell: Blink
  3565 | D:5      | Learned a level 2 spell: Passwall
  3569 | D:5      | Learned a level 3 spell: Hailstorm
  3591 | D:5      | Reached XP level 8. HP: 56/56 MP: 16/16
  5322 | D:6      | Reached XP level 9. HP: 69/69 MP: 18/18
  5331 | D:6      | Found a sparkling altar of Nemelex Xobeh.
  5331 | D:6      | Found a sacrificial altar of Ru.
  5338 | D:6      | Became a worshipper of Nemelex Xobeh the Trickster
  5807 | D:7      | Noticed Menkaure
  6330 | D:7      | Reached skill level 8 in Axes
  6433 | D:7      | Reached * piety under Nemelex Xobeh
  6457 | D:7      | Reached skill level 5 in Invocations
  6501 | D:7      | Received a gift from Nemelex Xobeh
  6511 | D:7      | Noticed a cyan ugly thing
  6579 | D:7      | Killed Menkaure
  6781 | D:7      | Noticed Prince Ribbit
  6879 | D:7      | Found a staircase to the Ecumenical Temple.
  7025 | D:7      | Killed Prince Ribbit
  7026 | D:7      | Reached skill level 5 in Short Blades
  7026 | D:7      | Reached skill level 5 in Long Blades
  7026 | D:7      | Reached skill level 5 in Maces & Flails
  7026 | D:7      | Reached skill level 5 in Polearms
  7026 | D:7      | Reached skill level 5 in Staves
  7026 | D:7      | Reached skill level 5 in Ranged Weapons
  7026 | D:7      | Reached skill level 5 in Throwing
  7026 | D:7      | Reached skill level 5 in Armour
  7026 | D:7      | Reached skill level 5 in Stealth
  7026 | D:7      | Reached skill level 5 in Shields
  7026 | D:7      | Reached skill level 5 in Unarmed Combat
  7026 | D:7      | Reached skill level 5 in Evocations
  7026 | D:7      | Reached XP level 10. HP: 47/77 MP: 20/20
  7293 | D:8      | Noticed Maggie
  7333 | D:8      | Killed Maggie
  7524 | D:8      | Found a basalt altar of Yredelemnul.
  7525 | D:8      | Found a hide-covered altar of Uskayaw.
  7526 | D:8      | Found a stormy altar of Qazlal.
  7528 | D:8      | Found a broken altar of Ashenzari.
  7529 | D:8      | Found an opulent altar of Gozag.
  8022 | D:8      | Reached ** piety under Nemelex Xobeh
  8345 | D:9      | Noticed a gargoyle
  8775 | D:9      | Found a shimmering blue altar of Sif Muna.
  8932 | D:9      | Received a gift from Nemelex Xobeh
  9341 | D:9      | Killed a gargoyle
  9599 | D:9      | Noticed a two-headed ogre
  9609 | D:9      | Killed a two-headed ogre
  9610 | D:9      | Reached skill level 9 in Axes
  9705 | D:9      | Reached skill level 5 in Hexes
  9705 | D:9      | Reached skill level 5 in Summonings
  9705 | D:9      | Reached skill level 5 in Necromancy
  9705 | D:9      | Reached skill level 5 in Translocations
  9705 | D:9      | Reached skill level 5 in Transmutations
  9705 | D:9      | Reached skill level 5 in Fire Magic
  9705 | D:9      | Reached skill level 5 in Ice Magic
  9705 | D:9      | Reached skill level 5 in Air Magic
  9705 | D:9      | Reached skill level 5 in Earth Magic
  9705 | D:9      | Reached skill level 5 in Poison Magic
  9705 | D:9      | Reached XP level 11. HP: 73/85 MP: 22/22
  9813 | D:10     | Entered Level 10 of the Dungeon
  9933 | D:10     | Found a staircase to the Lair.
 10186 | D:10     | Reached *** piety under Nemelex Xobeh
 10218 | D:10     | Noticed a two-headed ogre
 10226 | D:10     | Noticed a boulder beetle
 10229 | D:10     | Noticed a cyclops
 10454 | D:10     | Received a gift from Nemelex Xobeh
 10476 | D:10     | Identified the amulet "Vusoveh" {+Blink Regen+ SInv}
 10517 | D:10     | Killed a two-headed ogre
 10794 | D:10     | Killed a cyclops
 10959 | D:10     | a boulder beetle changed into a satyr
 10959 | D:10     | Noticed a satyr
 10983 | D:10     | Killed a satyr
 11728 | D:11     | Found Kenlargh's Distillery.
 11853 | D:11     | Bought a potion of haste for 110 gold pieces
 11853 | D:11     | Bought a potion of degeneration for 11 gold pieces
 11853 | D:11     | Bought a potion of heal wounds for 55 gold pieces
 11853 | D:11     | Bought a potion of haste for 110 gold pieces
 11970 | D:11     | Found Vyanih's Antique Armour Shoppe.
 12046 | D:11     | Found a runed translucent gate.
 12047 | D:11     | Found a runed translucent gate.
 12047 | D:11     | Noticed a nine-headed hydra
 12048 | D:11     | Found a runed translucent gate.
 12048 | D:11     | Noticed Netz's ghost (journeyman DsFi)
 12083 | D:11     | Found Esata's Magic Scroll Boutique.
 12278 | D:11     | Noticed a cyclops
 12282 | D:11     | Identified the +1 robe of Ashenzari's Favour {Int+8}
 12323 | D:11     | Killed a cyclops
 12402 | D:11     | Noticed a manticore
 12422 | D:11     | Killed a manticore
 12458 | D:11     | Found Aneeq's Weapon Boutique.
 12508 | D:11     | Reached XP level 12. HP: 88/94 MP: 24/24
 12768 | D:12     | Found a runed translucent door.
 12768 | D:12     | Noticed a boulder beetle
 12806 | D:12     | Killed a boulder beetle
 13016 | D:12     | Noticed a two-headed ogre
 13106 | D:12     | Noticed a boulder beetle
 13148 | D:13     | Reached skill level 10 in Axes
 13238 | D:12     | Killed a boulder beetle
 13296 | D:13     | Killed a two-headed ogre
 13316 | D:13     | Learned a level 2 spell: Wereblood
 13320 | D:13     | Learned a level 3 spell: Frozen Ramparts
 13324 | D:13     | Learned a level 3 spell: Call Canine Familiar
 13517 | D:12     | Noticed a two-headed ogre
 13533 | D:12     | Killed a two-headed ogre
 13585 | D:12     | Reached **** piety under Nemelex Xobeh
 13585 | D:12     | Received a gift from Nemelex Xobeh
 13712 | D:12     | Found a staircase to the Orcish Mines.
 13930 | D:12     | Noticed a sun demon
 13958 | D:12     | HP: 4/95 [orange demon (3)]
 13963 | D:12     | a ynoxinul changed into a soul eater
 13963 | D:12     | Noticed a soul eater
 13963 | D:12     | a sun demon changed into a sixfirhy
 13964 | D:12     | Noticed ryw's ghost (journeyman HOBe)
 14052 | D:13     | Noticed a centaur warrior
 14062 | D:13     | Found Iwaxufeg's Antique Armour Shoppe.
 14317 | Lair:1   | Entered Level 1 of the Lair of Beasts
 14397 | Lair:1   | Reached XP level 13. HP: 56/101 MP: 20/26
 14440 | Lair:1   | Learned a level 4 spell: Manifold Assault
 14550 | Lair:1   | Received a gift from Nemelex Xobeh
 15566 | Lair:2   | Received a gift from Nemelex Xobeh
 15626 | Lair:2   | Found a staircase to the Shoals.
 15637 | Lair:2   | Reached skill level 10 in Spellcasting
 15790 | Lair:2   | Noticed Gastronok
 15843 | Lair:2   | Killed Gastronok
 15902 | Lair:2   | Reached skill level 10 in Fighting
 15902 | Lair:2   | Reached skill level 11 in Axes
 15902 | Lair:2   | Reached skill level 10 in Dodging
 16209 | Lair:2   | Found a hole to the Spider Nest.
 16497 | Lair:2   | Reached ***** piety under Nemelex Xobeh
 16871 | Lair:3   | You fall into a shaft and drop 1 floor!
 16895 | Lair:4   | Received a gift from Nemelex Xobeh
 17207 | Lair:3   | Reached XP level 14. HP: 55/110 MP: 28/28
 17362 | Lair:3   | Reached skill level 10 in Invocations
 17926 | Lair:3   | Received a gift from Nemelex Xobeh
 18781 | Lair:4   | Found a staircase to the Slime Pits.
 18782 | Lair:4   | Found a viscous altar of Jiyva.
 19296 | Lair:5   | Entered Level 5 of the Lair of Beasts
 19418 | Lair:5   | Noticed a dire elephant
 19433 | Lair:5   | Slain by a komodo dragon

Illustrated notes

Levels and vault maps discovered:
D:1:      dpeg_arrival_solitude, layout_rooms,
          shapermc_ecumenical_altar_hornbeckon, chequers_big_river,
          chequers_serial_rivers_small_a
D:2:      layout_loops_ring
D:3:      layout_loops_ring
D:4:      layout_cave_pools, nicolae_overflow_hidden_temple,
          minmay_misc_feat_columns, minmay_crossroads
D:5:      nicolae_cairo_tiling, layout_rooms, serial_shops,
          nicolae_shop_waterfront
D:6:      layout_loops_ring, mainiacjoe_overflow_divided_tiny
D:7:      layout_gridville, minmay_temple_entry_antechambers,
          minmay_the_grid_2x2 [minmay_the_grid_odd_star,
          minmay_the_grid_minigrid_small_alt, minmay_the_grid_stretched_grid,
          minmay_the_grid_prize_inner_circle], uniq_prince_ribbit1,
          uniq_menkaure
D:8:      layout_loops_ring, grunt_temple_overflow_open, uniq_maggie
D:9:      layout_basic, nicolae_sif_muna_condensation, grunt_ogre_cave,
          hangedman_decor_lopped
D:10:     layout_basic, lair_entry_dummy, minmay_fractal_squares_5
D:11:     layout_roguey, gammafunk_ghost_hydra_chop, serial_shops, shop,
          nicolae_square_shop, nicolae_shop_competitors_out_of_business,
          kennysheep_mini_moat
D:12:     layout_gridville, hiddenorc1_lemuel, ebering_ghost_funeral_grove,
          serial_demonic, serial_demonic_f, serial_demonic_f, serial_demonic_f,
          serial_demonic_c, minmay_quadrilaterals
D:13:     layout_basic, ximxim_vaults_locker_room, serial_shops,
          nicolae_shop_stone, slow_altar_1
Lair:1:   layout_cellular_growth, serial_forest, infiniplex_forest_lined_corner,
          infiniplex_forest_lined_corner, infiniplex_forest_clump_double,
          infiniplex_forest_end_1, serial_bayou_shore_b, grunt_megastairs_3
Lair:2:   layout_hall_layers, nicolae_shoals_entry_roost,
          nicolae_spider_entry_orb_guardian, nzn_sisyphean_effort,
          lemuel_fruit_tree, uniq_gastronok
Lair:3:   beast_lair_carwin_large_1, layout_cave_pods
Lair:4:   layout_loops_ring, minmay_slime_entry_jelly_boxes, lemuel_fruit_fields
Lair:5:   gammafunk_lair_ancient_temple, layout_misc_corridors,
          minmay_lair_drake_nest

Skill      XL: |  1  2  3  4  5  6  7  8  9 10 11 12 13 14 |
---------------+-------------------------------------------+-----
Spellcasting   | 5 6 7 8 9 10 | 10.9
Invocations    | 1 2 3 4 5 6 7 8 9 10 | 10.5
Short Blades   | 1 2 3 5 6 7 8 9 |  9.6
Long Blades    | 1 2 3 5 6 7 8 9 |  9.6
Maces & Flails | 1 2 3 5 6 7 8 9 |  9.6
Polearms       | 1 2 3 5 6 7 8 9 |  9.6
Staves         | 1 2 3 5 6 7 8 9 |  9.6
Ranged Weapons | 1 2 3 5 6 7 8 9 |  9.6
Throwing       | 1 2 3 5 6 7 8 9 |  9.6
Armour         | 1 2 3 5 6 7 8 9 |  9.6
Stealth        | 1 2 3 5 6 7 8 9 |  9.6
Shields        | 1 2 3 5 6 7 8 9 |  9.6
Unarmed Combat | 1 2 3 5 6 7 8 9 |  9.6
Evocations     | 1 2 3 5 6 7 8 9 |  9.6
Hexes          | 1 2 3 4 5 6 7 8 |  8.1
Summonings     | 1 2 3 4 5 6 7 8 |  8.1
Necromancy     | 1 2 3 4 5 6 7 8 |  8.1
Translocations | 1 2 3 4 5 6 7 8 |  8.1
Transmutations | 1 2 3 4 5 6 7 8 |  8.1
Fire Magic     | 1 2 3 4 5 6 7 8 |  8.1
Ice Magic      | 1 2 3 4 5 6 7 8 |  8.1
Air Magic      | 1 2 3 4 5 6 7 8 |  8.1
Earth Magic    | 1 2 3 4 5 6 7 8 |  8.1
Poison Magic   | 1 2 3 4 5 6 7 8 |  8.1
Fighting       | 5 6 7 8 9 10 | 10.7
Dodging        | 5 6 7 8 9 10 | 10.7
Axes           | 7 8 9 10 11 | 11.6
Conjurations   | 6 7 8 9 |  9.8

Action                     |  1- 3 |  4- 6 |  7- 9 | 10-12 | 13-15 || total
---------------------------+-------+-------+-------+-------+-------++-------
  Melee: Hand axe          |    96 |   164 |    50 |       |       ||   310
         Bite              |     6 |    17 |    20 |   165 |   170 ||   378
         Punch             |     2 |     2 |       |     4 |       ||     8
         War axe           |       |    34 |     1 |       |       ||    35
         Morningstar       |       |       |   169 |       |       ||   169
         Trident           |       |       |    86 |   909 |   952 ||  1947
         Rapier            |       |       |       |   330 |       ||   330
   Fire: Shortbow          |       |       |       |     1 |       ||     1
  Throw: Dart              |       |     6 |       |    37 |    21 ||    64
         Boomerang         |       |       |     2 |    29 |       ||    31
         Javelin           |       |       |       |    12 |       ||    12
   Cast: Momentum Strike   |       |     3 |     8 |    13 |     1 ||    25
         Kiss of Death     |       |     3 |     3 |     3 |       ||     9
         Blink             |       |       |     1 |       |       ||     1
         Frozen Ramparts   |       |       |       |     6 |    11 ||    17
         Wereblood         |       |       |       |     3 |     3 ||     6
 Invoke: Draw Destruction  |       |       |       |    10 |     4 ||    14
         Deal Four         |       |       |       |     1 |       ||     1
         Draw Escape       |       |       |       |       |     2 ||     2
  Evoke: Wand              |       |       |       |    22 |       ||    22
    Use: Scroll            |       |     9 |     2 |     7 |     6 ||    24
         Potion            |       |       |     7 |    12 |     2 ||    21
   Stab: Sleeping          |       |       |     1 |     9 |     8 ||    18
         Distracted        |       |       |     1 |     1 |     2 ||     4
         Petrified         |       |       |       |       |     3 ||     3
 Armour: Leather armour    |    31 |    29 |    71 |       |       ||   131
         Steam dragon scal |       |       |    38 |    18 |       ||    56
         Acid dragon scale |       |       |       |   556 |   406 ||   962
  Dodge: Dodged            |    94 |   190 |   339 |  1434 |   856 ||  2913
  Block: Buckler           |       |       |    95 |   391 |   300 ||   786

Table legend: (Time is in decaauts)
 A = Elapsed time spent in this place.
 B = Non-inter-level travel time spent in this place.
 C = Inter-level travel time spent in this place.
 D = Time resting spent in this place.
 E = Time spent auto-exploring this place.
 F = Levels seen in this place.
 G = Mean time per level.
                   A        B        C        D        E       F      G
               +--------+--------+--------+--------+--------+-----+--------+
         Total |  19445 |  18394 |   1051 |   2371 |   8345 |  18 | 1080.3 |
       Dungeon |  14427 |  13553 |    874 |   2168 |   5688 |  13 | 1109.8 |
          Lair |   5018 |   4841 |    177 |    203 |   2656 |   5 | 1003.6 |
               +--------+--------+--------+--------+--------+-----+--------+

Top non-repeatable levels by time:
    D:10: 1800 daAuts
  Lair:3: 1544 daAuts
     D:7: 1432 daAuts
     D:9: 1393 daAuts
     D:5: 1380 daAuts
     D:8: 1339 daAuts
    D:11: 1254 daAuts
  Lair:2: 1210 daAuts
  Lair:1: 1183 daAuts
     D:6: 1158 daAuts
    D:12: 1147 daAuts
     D:4: 1059 daAuts
  Lair:4: 954 daAuts
     D:1: 870 daAuts
     D:2: 717 daAuts
